 Dungeon Crawl Stone Soup version 0.31-a0-934-gf4fcaacff8 (webtiles) character file.

Game seed: 13678320554483584588

146 Bnni the Poker (level 5, -1/48 HPs)
             Began as a Hill Orc Monk on Oct 20, 2023.
             Succumbed to a water moccasin's poison
             ... on level 3 of the Dungeon.
             The game lasted 00:04:25 (1438 turns).

Bnni the Poker (Hill Orc Monk)                      Turns: 1438, Time: 00:04:25

Health: -1/48      AC:  6    Str: 16    XL:     5   Next: 28%
Magic:  5/5        EV: 10    Int: 10    God:
Gold:   96         SH:  5    Dex: 13    Spells: 4/4 levels left

rFire   . . .        r - +1 short sword (venom)
rCold   . . .        d - orb {light}
rNeg    . . .        q - +0 scale mail
rPois   +            (no helmet)
rElec   .            (no cloak)
rCorr   .            (no gloves)
SInv    .            (no boots)
Will    .....        n - amulet of reflection Stlth
                     e - ring of poison resistance
HPRegen 0.28/turn    (no ring)
MPRegen 0.09/turn

%: reflection
@: lethally poisoned (-1 -> -15), attractive, hasted, glowing, very quick
A: no striking features
a: no special abilities


You were on level 3 of the Dungeon.
You visited 1 branch of the dungeon, and saw 3 of its levels.

You collected 96 gold pieces.

Inventory:

Hand Weapons
 a - a +0 spear
 r - a +1 short sword of venom (weapon)
Missiles
 p - 4 javelins
 u - 2 boomerangs
Armour
 d - an orb of light (worn)
 q - a +0 scale mail (worn)
Jewellery
 e - a ring of poison resistance (left hand)
 i - a +4 ring of protection
 n - an amulet of reflection (around neck)
Scrolls
 f - 5 scrolls of teleportation {unknown}
 g - 2 scrolls of identify {unknown}
 j - a scroll of torment {unknown}
 k - a scroll of blinking {unknown}
 m - a scroll of brand weapon {unknown}
 o - a scroll of noise {unknown}
 s - a scroll of poison {unknown}
Potions
 b - a potion of attraction
 c - a potion of ambrosia
 h - a potion of haste
 l - a potion of mutation {unknown}
 t - a potion of berserk rage {unknown}


   Skills:
 + Level 5.0 Fighting
 * Level 5.5 Polearms
 - Level 2.4 Dodging


You had 4 spell levels left.
You didn't know any spells.
Your spell library contained the following spells:

 Spells                   Type           Power      Damage    Failure   Level
 Manifold Assault         Tloc           0%         N/A       100%        4
 Dispersal                Tloc           0%         N/A       100%        6
 Disjunction              Tloc           0%         N/A       100%        8


Dungeon Overview and Level Annotations

Branches:
Dungeon (3/15)

Altars:
Fedhas


Message History

You barely miss the water moccasin.
The water moccasin is moderately wounded.
The water moccasin bites you.
You are too injured to fight recklessly!
Unknown command.
Unknown command.
You barely miss the water moccasin.
The water moccasin is moderately wounded.
The water moccasin completely misses you.
You block the water moccasin's attack.
You barely miss the water moccasin.
The water moccasin is moderately wounded.
The water moccasin misses you.
You barely miss the water moccasin.
The water moccasin is moderately wounded.
The water moccasin bites you. x2
* * * LOW HITPOINT WARNING * * *
Unknown command.
You hit the water moccasin but do no damage.
The water moccasin is moderately wounded.
The water moccasin completely misses you.
Unknown command.
You barely miss the water moccasin.
The water moccasin is heavily wounded.
The water moccasin barely misses you.
Unknown command.
You hit the water moccasin but do no damage.
The water moccasin is heavily wounded.
The water moccasin bites you.
* * * LOW HITPOINT WARNING * * *
You are lethally poisoned!
The water moccasin poisons you! The water moccasin bites you!
* * * LOW HITPOINT WARNING * * *
It was a potion of haste.
You feel yourself speed up.
* * * LOW HITPOINT WARNING * * *
You feel very sick.
The water moccasin bites you but does no damage.
It was a potion of attraction.
You feel attractive to monsters.
You die...

<.........#
#.#
#########.#
#.# #.# #.#
#.# #.#
#.#####.#
#.......#
#.#######
#########.#
......S@..#
###########


You could see a water moccasin (poisoned).

Vanquished Creatures
  A hound (D:3)
  An orc wizard (D:3)
  4 adders (D:2)
  A worm (D:2)
  A dart slug (D:2)
  4 orcs (D:3)
  6 ball pythons
  3 bats
  4 endoplasms
  2 giant cockroaches
  8 jackals
  A quokka (D:1)
  4 frilled lizards
  A goblin (D:2)
  3 kobolds (D:2)
  2 rats (D:2)
46 creatures vanquished.

Notes
Turn   | Place    | Note
-------+----------+-------------------------------------------
     0 | D:1      | Bnni the Hill Orc Monk began the quest for the Orb.
     0 | D:1      | Reached XP level 1. HP: 19/19 MP: 1/1
    78 | D:1      | Reached XP level 2. HP: 25/27 MP: 2/2
   503 | D:2      | Reached XP level 3. HP: 13/33 MP: 3/3
   835 | D:2      | Reached XP level 4. HP: 41/41 MP: 4/4
  1174 | D:3      | Found a blossoming altar of Fedhas.
  1189 | D:3      | Reached skill level 5 in Polearms
  1206 | D:3      | Reached skill level 5 in Fighting
  1206 | D:3      | Reached XP level 5. HP: 25/48 MP: 5/5
  1418 | D:3      | Noticed a water moccasin
  1437 | D:3      | HP: 2/48 [poisoned by a water moccasin]
  1438 | D:3      | Succumbed to a water moccasin's poison

Illustrated notes

Levels and vault maps discovered:
D:1:      dpeg_arrival_stonehenge_8_columns, layout_basic
D:2:      layout_basic, serial_corexii_hall, corexii_hall_statues_u,
          chequers_hall_statues_y, serial_bayou_ford_a
D:3:      layout_loops_ring, fedhas_altar_3, mainiacjoe_overflow_paths,
          chequers_serial_rivers_large_a, minmay_large_rounded_square

Skill      XL: |  1  2  3  4 |
---------------+-------------+-----
Fighting       | 4 5 |  5.0
Polearms       | 4 5 |  5.5
Dodging        | |  2.4

Action                     |  1- 3 |  4- 6 || total
---------------------------+-------+-------++-------
  Melee: Spear             |    97 |    21 ||   118
         Short sword       |       |    56 ||    56
    Use: Potion            |       |     2 ||     2
 Armour: Robe              |     8 |       ||     8
         Ring mail         |    27 |     6 ||    33
         Scale mail        |       |    34 ||    34
  Dodge: Dodged            |    35 |    29 ||    64
  Block: Orb               |       |     8 ||     8

Table legend: (Time is in decaauts)
 A = Elapsed time spent in this place.
 B = Non-inter-level travel time spent in this place.
 C = Inter-level travel time spent in this place.
 D = Time resting spent in this place.
 E = Time spent auto-exploring this place.
 F = Levels seen in this place.
 G = Mean time per level.
                   A        B        C        D        E       F      G
               +--------+--------+--------+--------+--------+-----+--------+
         Total |   1431 |   1398 |     33 |    184 |    880 |   3 |  477.0 |
       Dungeon |   1431 |   1398 |     33 |    184 |    880 |   3 |  477.0 |
               +--------+--------+--------+--------+--------+-----+--------+

Top non-repeatable levels by time:
     D:2: 699 daAuts
     D:1: 467 daAuts
     D:3: 263 daAuts
